 Dungeon Crawl Stone Soup version 0.24.0-13-gcf9b3192b9 (webtiles) character file.

Game seed: 5338486426374475122, levelgen mode: deterministic

259 Aviak the Sneak (level 6, -5/36 HPs)
             Began as an Octopode Enchanter on Nov 9, 2019.
             Slain by an ogre
             ... wielding a +0 giant club
              (8 damage)
             ... on level 4 of the Dungeon.
             The game lasted 00:03:51 (2622 turns).

Aviak the Sneak (Octopode Enchanter)                Turns: 2622, Time: 00:03:52

Health: -5/36      AC:  1    Str:  7    XL:     6   Next: 17%
Magic:  11/18      EV: 15    Int: 17    God:
Gold:   76         SH:  0    Dex: 15    Spells: 1/9 levels left

rFire    . . .     SeeInvis .   i - +4 dagger (venom)
rCold    + . .     Gourm    .   (no shield)
rNeg     . . .     Faith    .   (helmet restricted)
rPois    .         Spirit   .   (no amulet)
rElec    .         Reflect  .   C - ring of protection from cold
rCorr    .         Harm     .   g - ring of magical power
MR       .....                  (no ring)
Stlth    ++++......             (no ring)
HPRegen  0.12/turn              (no ring)
MPRegen  0.16/turn              (no ring)
                                (no ring)
                                (no ring)

@: no status effects
A: almost no armour, stealthy swim, amphibious, 8 rings, constrict 8, camouflage
1, gelatinous body 1
a: no special abilities


You were on level 4 of the Dungeon.
You were not hungry.

You visited 1 branch of the dungeon, and saw 4 of its levels.

You collected 76 gold pieces.

Inventory:

Hand Weapons
 a - a +1 dagger
 i - a +4 dagger of venom (weapon)
Armour
 e - a +0 shield
Jewellery
 g - a ring of magical power (right tentacle)
 C - a ring of protection from cold (left tentacle)
Scrolls
 d - a scroll of teleportation {unknown}
 f - 2 scrolls of amnesia
 j - a scroll of fog
 l - a scroll of enchant weapon {unknown}
 m - a scroll of identify {unknown}
 r - 3 scrolls of remove curse
Potions
 b - a potion of agility {unknown}
 k - a potion of degeneration {unknown}
 n - a potion of haste {unknown}
Comestibles
 c - 8 rations


   Skills:
 + Level 2.8 Short Blades
 + Level 3.4 Dodging
 + Level 5.7 Stealth
 - Level 2.3 Spellcasting
 + Level 4.1 Hexes
 + Level 1.0 Transmutations


You had one spell level left.
You knew the following spells:

 Your Spells              Type           Power        Failure   Level  Hunger
a - Corona                Hex            ###....      3%          1    #......
b - Ensorcelled Hibernat  Hex/Ice        #.....       12%         2    ###....
c - Confuse               Hex            ###.....     11%         3    ###....
d - Sticks to Snakes      Tmut           #.......     19%         2    ###....

Your spell library contained the following spells:

 Spells                   Type           Power        Failure   Level  Hunger
 Beastly Appendage        Tmut           #.....       12%         1    #......
 Tukima's Dance           Hex            ###.....     11%         3    ###....
 Dazzling Spray           Conj/Hex       #.....       24%         3    ###....
 Spider Form              Tmut/Pois      #.........   41%         3    ###....
 Ice Form                 Ice/Tmut       #.......     83%         4    #####..
 Blade Hands              Tmut           #.........   98%         5    ######.


Dungeon Overview and Level Annotations

Branches:
Dungeon (4/15)
 Temple: D:4-7

Altars:
Makhleb
Vehumet
Xom
Yredelemnul

Annotations:
D:4 exclusion: statue


Innate Abilities, Weirdness & Mutations

You cannot wear most types of armour.
You are very stealthy in the water. (Stealth+)
You are amphibious.
You can wear up to eight rings at the same time.
You can use your tentacles to constrict eight enemies at once.
Your skin changes colour to match your surroundings (Stealth+).
Your rubbery body absorbs attacks. (AC +1, EV +1)


Message History

Found a scroll labeled LIWUNI KUAG.
An orc priest comes into view. It is wielding a +0 trident.
Found a stone staircase leading down.
Unknown command.
Found a robe.
An ogre comes into view. It is wielding a +0 giant club.
The ogre shouts!
Found a falchion.
The ogre hits you with a +0 giant club!!
Ouch! That really hurt!
* * * LOW HITPOINT WARNING * * *
Unknown command.
Okay, then.
Casting: Confuse (safe; 11% risk of failure)
Confirm with . or Enter, or press ? or * to list all spells.
Aiming: Ensorcelled Hibernation (safe; 12% risk of failure)
Press: ? - help, Shift-Dir - straight line, f - ogre
Aim: an ogre, wielding a +0 giant club (chance to defeat MR: 39%)
The ogre resists with some effort.
The ogre hits you with a +0 giant club!
You die...

#.......## .....)..#
......... #........
##........ . #..#.....
#. ###......... #.
#.O......... #.####
###@..........
.....#####....[##.....#
#######.......#...#
#...##
#.................#
####
##...............#.#
..............#....#
^^..........###...##
^_^.......### ....#
^^^.......## ...#


You could see an ogre.

Vanquished Creatures
  A phantom (D:4)
  A hound (D:2)
  3 adders
  An ooze (D:3)
  A dart slug (D:1)
  4 worms
  3 leopard geckos
  3 orcs (D:3)
  5 giant cockroaches
  6 goblins
  8 hobgoblins
  11 jackals
  A quokka (D:3)
  A ball python (D:2)
  9 bats
  6 frilled lizards
  7 kobolds
  32 rats
103 creatures vanquished.

Notes
Turn   | Place    | Note
-------+----------+-------------------------------------------
     0 | D:1      | Aviak the Octopode Enchanter began the quest for the Orb.
     0 | D:1      | Reached XP level 1. HP: 11/11 MP: 3/3
    59 | D:1      | Reached XP level 2. HP: 7/17 MP: 3/5
    70 | D:1      | Learned a level 2 spell: Ensorcelled Hibernation
   714 | D:1      | Reached XP level 3. HP: 19/21 MP: 6/6
  1178 | D:2      | Learned a level 3 spell: Confuse
  1413 | D:2      | Reached XP level 4. HP: 27/27 MP: 7/7
  1823 | D:2      | Found a burning altar of Makhleb.
  1829 | D:2      | Reached skill level 5 in Stealth
  1999 | D:3      | Found a faded altar of an unknown god.
  2082 | D:3      | Reached XP level 5. HP: 25/31 MP: 8/8
  2443 | D:3      | Found a basalt altar of Yredelemnul.
  2508 | D:3      | Learned a level 2 spell: Sticks to Snakes
  2535 | D:4      | Found a radiant altar of Vehumet.
  2535 | D:4      | Noticed a frost-covered statue
  2542 | D:4      | Noticed a phantom
  2562 | D:4      | Killed a phantom
  2562 | D:4      | Reached XP level 6. HP: 16/36 MP: 3/9
  2584 | D:4      | Found a shimmering altar of Xom.
  2585 | D:4      | Reached skill level 1 in Transmutations
  2622 | D:4      | Slain by an ogre

Levels and vault maps discovered:
D:1:      dpeg_arrival_simpleton_b, layout_loops_ring
D:2:      minmay_spotlight, layout_loops_corners, serial_glass, glass_columns_a,
          glass_columns_a, glass_columns_a, glass_columns_a, glass_columns_c,
          makhleb_heckhound_becter
D:3:      layout_rooms, yredelemnul_altar_generic, serial_glass,
          glass_columns_b, glass_columns_b, glass_columns_b,
          minmay_strange_pillars, chequers_ecumenical_altar_simple,
          minmay_rat_hole
D:4:      layout_rooms, xom_teletrap_fun, vehumet_statue,
          cheibrodos_sewer_entry_bend, enter_ossuary_1, first_ration,
          okawaru_gym_becter

Skill      XL: |  1  2  3  4  5  6 |
---------------+-------------------+-----
Short Blades   | 2 |  2.8
Stealth        | 5 |  5.7
Dodging        | 3 |  3.4
Hexes          | 4 |  4.1
Transmutations | 1 |  1.0
Spellcasting   | |  2.3

Action                   |  1- 3 |  4- 6 || total
-------------------------+-------+-------++-------
Melee: Dagger            |    87 |    97 ||   184
       Constrict         |    25 |    15 ||    40
       Tentacles         |     9 |    13 ||    22
 Cast: Corona            |     2 |       ||     2
       Ensorcelled Hiber |     2 |     2 ||     4
       Confuse           |       |     3 ||     3
  Use: Scroll            |       |     3 ||     3
 Stab: Sleeping          |    18 |    16 ||    34
       Confused          |       |     1 ||     1
  Eat: Chunk             |     2 |     4 ||     6
Armor: Skin              |     6 |     6 ||    12
Dodge: Dodged            |    37 |    42 ||    79
